General information
- name: BNet
- type: Ladder team game (AT/RT)
- host: Battle.net
- saver: appalachianw4r3
map: TwilightRuins
- players: 8
- length: 33:37
- speed: Fast
- version: 1.26 W3XP
- replay type: Public
» download(193 KB)
Players
team 1 (winner)

»
HeadHigh (
yellow | 30 APM | 565 actions | 19:01)
5 Keeper of the Grove
2 Force of Nature
3 Entangling Roots
» actions
| Build / train | 36 | |
| Enter build submenu | 19 | |
| Enter hero's abilities submenu | 5 | |
| Give item / drop item | 2 | |
| Remove unit from queue | 1 | |
| Right click | 259 | |
| Select / deselect | 213 | |
| Use ability | 30 | |
565 total
» units
» upgrades
| Strength of the Wild | 1 | |
| Corrosive Breath | 1 | |
2 total
» buildings
| Altar of Elders | 1 | |
| Moon Well | 8 | |
| Ancient of War | 1 | |
| Tree of Ages | 1 | |
| Hunter's Hall | 1 | |
| Tree of Eternity | 1 | |
| Ancient of Wind | 1 | |
| Chimaera Roost | 2 | |
| Tree of Life | 2 | |
18 total
» build order
00:23 Altar of Elders
00:36 Moon Well
00:50 Ancient of War
02:01 Moon Well
02:51 Tree of Ages
03:05 Moon Well
04:15 Hunter's Hall
06:13 Tree of Eternity
07:18 Ancient of Wind
08:40 Chimaera Roost
08:43 Chimaera Roost
09:48 Moon Well
09:57 Moon Well
11:27 Moon Well
13:03 Tree of Life
13:28 Moon Well
14:25 Moon Well
14:44 Tree of Life
appalachianw4r3 (
blue | 55 APM | 1864 actions | 33:37)
4 Blademaster
2 Wind Walk
2 Critical Strike
1 Goblin Tinker
1 Pocket Factory
» actions
| Assign group hotkey | 55 | |
| Basic commands | 3 | |
| Build / train | 89 | |
| Enter build submenu | 53 | |
| Enter hero's abilities submenu | 5 | |
| Give item / drop item | 6 | |
| Right click | 785 | |
| Select / deselect | 275 | |
| Select group hotkey | 455 | |
| Use ability | 138 | |
1864 total
» units
| Peon | 17 | |
| Grunt | 10 | |
| Wind Rider | 6 | |
| Goblin Shredder | 3 | |
36 total
» upgrades
| Berserker Strength | 1 | |
| Pillage | 1 | |
| Spiked Barricades | 1 | |
| Backpack | 1 | |
| Reinforced Defenses | 1 | |
| Armor | 1 | |
| Ranged Weapons | 1 | |
| Masonry | 2 | |
| Well Spring | 1 | |
10 total
» buildings
| Altar of Storms | 3 | |
| Orc Burrow | 8 | |
| Barracks | 1 | |
| Voodoo Lounge | 2 | |
| Stronghold | 5 | |
| War Mill | 1 | |
| Watch Tower | 19 | |
| Great Hall | 1 | |
| Fortress | 6 | |
| Beastiary | 4 | |
| Scout Tower | 6 | |
56 total
» build order
00:13 Altar of Storms
00:16 Orc Burrow
00:18 Altar of Storms
01:11 Barracks
01:35 Orc Burrow
03:01 Orc Burrow
04:14 Voodoo Lounge
06:32 Stronghold
06:32 Stronghold
06:43 War Mill
07:56 Watch Tower
07:56 Watch Tower
10:07 Great Hall
10:48 Watch Tower
10:49 Watch Tower
10:59 Watch Tower
11:16 Watch Tower
11:39 Watch Tower
12:30 Fortress
12:31 Fortress
12:31 Fortress
13:58 Watch Tower
13:59 Watch Tower
14:02 Watch Tower
16:30 Beastiary
16:32 Beastiary
17:24 Watch Tower
17:25 Watch Tower
17:26 Watch Tower
17:30 Watch Tower
17:35 Watch Tower
17:39 Watch Tower
17:40 Watch Tower
18:03 Watch Tower
18:23 Scout Tower
18:24 Scout Tower
18:25 Scout Tower
18:26 Scout Tower
18:29 Scout Tower
18:31 Scout Tower
18:45 Orc Burrow
18:52 Watch Tower
20:58 Orc Burrow
21:13 Altar of Storms
21:19 Orc Burrow
22:33 Orc Burrow
24:27 Orc Burrow
25:01 Voodoo Lounge
26:33 Stronghold
26:33 Stronghold
29:32 Fortress
29:32 Fortress
29:49 Beastiary
29:51 Beastiary
» items
| Healing Salve | 2 | |
| Lesser Clarity Potion | 4 | |
| Scroll of Regeneration | 1 | |
| Mechanical Critter | 1 | |
| Ring of Regeneration | 1 | |
| Claws of Attack +9 | 1 | |
| Potion of Mana | 1 | |
| Pendant of Energy | 1 | |
12 total

»
OX-BLOOD (
red | 26 APM | 503 actions | 19:24)
4 Goblin Tinker
2 Pocket Factory
2 Engineering Upgrade
» actions
| Build / train | 80 | |
| Enter build submenu | 23 | |
| Enter hero's abilities submenu | 4 | |
| Give item / drop item | 1 | |
| Remove unit from queue | 1 | |
| Right click | 151 | |
| Select / deselect | 181 | |
| Use ability | 62 | |
503 total
» units
» upgrades
| Improved Bows | 1 | |
| Strength of the Moon | 3 | |
| Moon Armor | 3 | |
| Ultravision | 1 | |
| Nature's Blessing | 1 | |
| Marksmanship | 1 | |
10 total
» buildings
| Altar of Elders | 2 | |
| Moon Well | 6 | |
| Hunter's Hall | 1 | |
| Ancient of Wonders | 1 | |
| Ancient Protector | 7 | |
| Tree of Ages | 1 | |
| Ancient of War | 1 | |
| Tree of Eternity | 1 | |
20 total
» build order
00:14 Altar of Elders
00:19 Moon Well
00:22 Altar of Elders
01:58 Hunter's Hall
02:03 Ancient of Wonders
03:18 Ancient Protector
03:21 Ancient Protector
03:26 Ancient Protector
04:20 Tree of Ages
05:47 Ancient of War
05:57 Moon Well
06:03 Moon Well
07:54 Ancient Protector
08:10 Ancient Protector
08:43 Moon Well
10:25 Moon Well
11:27 Moon Well
13:50 Tree of Eternity
13:57 Ancient Protector
14:07 Ancient Protector
» items
| Boots of Speed | 1 | |
| Staff of Teleportation | 1 | |
| Dust of Appearance | 1 | |
| Healing Salve | 1 | |
| Scroll of Town Portal | 5 | |
| Potion of Healing | 5 | |
| Orb of Lightning | 1 | |
15 total

»
RonPaulDeezNuts (
teal | 102 APM | 1830 actions | 17:55)
4 Archmage
2 Summon Water Elemental
2 Brilliance Aura
» actions
| Assign group hotkey | 29 | |
| Build / train | 50 | |
| ESC pressed | 1 | |
| Enter build submenu | 18 | |
| Enter hero's abilities submenu | 4 | |
| Give item / drop item | 2 | |
| Right click | 629 | |
| Select / deselect | 387 | |
| Select group hotkey | 674 | |
| Use ability | 36 | |
1830 total
» units
| Peasant | 9 | |
| Rifleman | 12 | |
| Priest | 9 | |
30 total
» upgrades
| Gunpowder | 3 | |
| Armor | 3 | |
| Lumber Harvesting | 1 | |
| Long Rifles | 1 | |
| Priest Training | 2 | |
| Masonry | 1 | |
11 total
» buildings
| Farm | 11 | |
| Altar of Kings | 1 | |
| Barracks | 1 | |
| Blacksmith | 1 | |
| Keep | 1 | |
| Lumber Mill | 1 | |
| Arcane Vault | 1 | |
| Arcane Sanctum | 1 | |
| Castle | 1 | |
19 total
» build order
00:11 Farm
00:17 Altar of Kings
00:41 Barracks
01:07 Farm
02:26 Blacksmith
02:40 Keep
02:46 Farm
02:52 Lumber Mill
03:41 Arcane Vault
03:54 Farm
05:37 Farm
06:00 Arcane Sanctum
06:56 Farm
07:00 Farm
07:10 Castle
08:34 Farm
09:29 Farm
13:47 Farm
14:39 Farm
» items
| Orb of Fire | 1 | |
| Scroll of Town Portal | 1 | |
2 total
team 2 (loser)

»
Yellow_Eyes (
green | 46 APM | 1133 actions | 24:45)
6 Death Knight
3 Death Coil
2 Unholy Aura
1 Animate Dead
4 Lich
2 Frost Nova
2 Frost Armor
» actions
| Assign group hotkey | 45 | |
| Basic commands | 8 | |
| Build / train | 69 | |
| Enter build submenu | 21 | |
| Enter hero's abilities submenu | 10 | |
| Give item / drop item | 3 | |
| Remove unit from queue | 3 | |
| Right click | 515 | |
| Select / deselect | 286 | |
| Select group hotkey | 93 | |
| Use ability | 80 | |
1133 total
» units
| Acolyte | 13 | |
| Ghoul | 4 | |
| Crypt Fiend | 9 | |
| Frost Wyrm | 7 | |
33 total
» upgrades
| Creature Attack | 2 | |
| Freezing Breath | 1 | |
| Web | 1 | |
4 total
» buildings
| Ziggurat | 9 | |
| Altar of Darkness | 1 | |
| Crypt | 1 | |
| Tomb of Relics | 1 | |
| Graveyard | 1 | |
| Necropolis | 1 | |
| Spirit Tower | 3 | |
| Halls of the Dead | 1 | |
| Black Citadel | 1 | |
| Sacrificial Pit | 1 | |
| Boneyard | 2 | |
22 total
» build order
00:07 Ziggurat
00:09 Altar of Darkness
00:27 Crypt
01:00 Tomb of Relics
01:02 Ziggurat
01:12 Ziggurat
01:45 Graveyard
04:56 Necropolis
05:25 Ziggurat
05:26 Spirit Tower
05:50 Halls of the Dead
09:02 Black Citadel
09:06 Ziggurat
09:08 Spirit Tower
09:50 Sacrificial Pit
09:53 Ziggurat
09:54 Ziggurat
09:55 Ziggurat
09:56 Ziggurat
11:10 Spirit Tower
11:25 Boneyard
12:47 Boneyard
» items
| Rod of Necromancy | 2 | |
| Periapt of Vitality | 2 | |
| Claws of Attack +9 | 1 | |
| Mantle of Intelligence +3 | 1 | |
| Scroll of Town Portal | 2 | |
| Potion of Healing | 2 | |
| Orb of Corruption | 2 | |
12 total
StreetOfDreams (
pink | 46 APM | 1533 actions | 33:35)
7 Blademaster
3 Wind Walk
3 Critical Strike
1 Bladestorm
» actions
| Assign group hotkey | 74 | |
| Basic commands | 175 | |
| Build / train | 71 | |
| Enter build submenu | 40 | |
| Enter hero's abilities submenu | 7 | |
| Give item / drop item | 5 | |
| Right click | 635 | |
| Select / deselect | 242 | |
| Select group hotkey | 141 | |
| Use ability | 143 | |
1533 total
» units
| Peon | 8 | |
| Grunt | 4 | |
| Goblin Shredder | 1 | |
| Goblin Zeppelin | 3 | |
| Goblin Sapper | 14 | |
| Wind Rider | 4 | |
34 total
» upgrades
| Ranged Weapons | 3 | |
| Armor | 3 | |
| Reinforced Defenses | 1 | |
| Envenomed Spears | 1 | |
| Liquid Fire | 1 | |
| Troll Regeneration | 1 | |
10 total
» buildings
| Orc Burrow | 4 | |
| Altar of Storms | 1 | |
| Barracks | 1 | |
| Voodoo Lounge | 1 | |
| Stronghold | 1 | |
| War Mill | 2 | |
| Great Hall | 1 | |
| Watch Tower | 36 | |
| Fortress | 1 | |
| Beastiary | 4 | |
52 total
» build order
00:16 Orc Burrow
00:53 Altar of Storms
00:54 Barracks
01:09 Orc Burrow
01:39 Voodoo Lounge
02:48 Stronghold
03:53 War Mill
04:03 Orc Burrow
04:38 Great Hall
05:56 Watch Tower
05:56 Watch Tower
05:57 Watch Tower
05:59 Watch Tower
06:54 Fortress
06:58 Watch Tower
06:59 Watch Tower
07:02 Watch Tower
07:04 Watch Tower
07:59 Orc Burrow
08:26 War Mill
08:49 Beastiary
08:50 Beastiary
08:52 Beastiary
08:53 Beastiary
12:56 Watch Tower
12:58 Watch Tower
12:59 Watch Tower
13:03 Watch Tower
13:04 Watch Tower
13:05 Watch Tower
13:05 Watch Tower
15:29 Watch Tower
15:29 Watch Tower
15:29 Watch Tower
15:30 Watch Tower
15:30 Watch Tower
15:31 Watch Tower
15:32 Watch Tower
15:32 Watch Tower
15:32 Watch Tower
15:34 Watch Tower
18:43 Watch Tower
18:44 Watch Tower
18:45 Watch Tower
18:45 Watch Tower
18:46 Watch Tower
18:46 Watch Tower
18:48 Watch Tower
18:49 Watch Tower
18:50 Watch Tower
18:50 Watch Tower
» items
| Healing Salve | 4 | |
| Claws of Attack +9 | 1 | |
| Talisman of Evasion | 1 | |
| Lesser Clarity Potion | 2 | |
| Potion of Mana | 3 | |
| Potion of Healing | 3 | |
| Orb of Lightning | 1 | |
| Scroll of Town Portal | 2 | |
17 total
VANILLA.MAN (
purple | 51 APM | 1724 actions | 33:35)
4 Blademaster
2 Wind Walk
2 Critical Strike
» actions
| Assign group hotkey | 14 | |
| Basic commands | 107 | |
| Build / train | 50 | |
| Enter build submenu | 28 | |
| Enter hero's abilities submenu | 4 | |
| Give item / drop item | 2 | |
| Right click | 690 | |
| Select / deselect | 197 | |
| Select group hotkey | 546 | |
| Use ability | 86 | |
1724 total
» units
| Peon | 11 | |
| Goblin Shredder | 1 | |
| Wind Rider | 7 | |
| Goblin Sapper | 2 | |
| Raider | 2 | |
23 total
» upgrades
| Ranged Weapons | 2 | |
| Reinforced Defenses | 1 | |
| Envenomed Spears | 1 | |
| Armor | 2 | |
6 total
» buildings
| Altar of Storms | 1 | |
| Orc Burrow | 6 | |
| War Mill | 1 | |
| Voodoo Lounge | 1 | |
| Watch Tower | 16 | |
| Stronghold | 3 | |
| Great Hall | 1 | |
| Beastiary | 4 | |
| Fortress | 2 | |
35 total
» build order
00:10 Altar of Storms
00:21 Orc Burrow
00:39 War Mill
01:05 Voodoo Lounge
01:52 Watch Tower
02:20 Watch Tower
02:33 Orc Burrow
03:17 Stronghold
03:17 Stronghold
03:45 Watch Tower
03:51 Watch Tower
04:12 Orc Burrow
05:05 Orc Burrow
05:44 Great Hall
05:55 Watch Tower
05:55 Watch Tower
06:51 Beastiary
06:52 Beastiary
07:05 Watch Tower
07:26 Watch Tower
07:45 Beastiary
08:09 Fortress
08:25 Watch Tower
09:24 Orc Burrow
10:16 Watch Tower
10:17 Watch Tower
10:18 Watch Tower
11:31 Watch Tower
11:31 Watch Tower
12:29 Beastiary
13:09 Orc Burrow
14:00 Watch Tower
14:01 Watch Tower
» items
| Healing Salve | 3 | |
| Lesser Clarity Potion | 2 | |
| Staff of Teleportation | 1 | |
| Boots of Speed | 1 | |
| Scroll of Town Portal | 3 | |
| Orb of Lightning | 1 | |
11 total

»
agentknox666 (
orange | 59 APM | 1993 actions | 33:35)
5 Crypt Lord
2 Carrion Beetles
3 Spiked Carapace
3 Death Knight
1 Death Coil
2 Unholy Aura
» actions
| Basic commands | 9 | |
| Build / train | 213 | |
| ESC pressed | 1 | |
| Enter build submenu | 36 | |
| Enter hero's abilities submenu | 9 | |
| Remove unit from queue | 5 | |
| Right click | 1134 | |
| Select / deselect | 493 | |
| Use ability | 93 | |
1993 total
» units
| Acolyte | 12 | |
| Ghoul | 21 | |
| Crypt Fiend | 41 | |
| Gargoyle | 7 | |
| Obsidian Statue | 1 | |
| Abomination | 11 | |
| Frost Wyrm | 10 | |
| Meatwagon | 1 | |
104 total
» upgrades
| Creature Attack | 2 | |
| Web | 1 | |
| Creature Carapace | 2 | |
| Disease Cloud | 1 | |
| Unholy Strength | 1 | |
| Unholy Armor | 1 | |
| Freezing Breath | 1 | |
9 total
» buildings
| Ziggurat | 8 | |
| Altar of Darkness | 1 | |
| Crypt | 2 | |
| Graveyard | 1 | |
| Nerubian Tower | 22 | |
| Tomb of Relics | 1 | |
| Halls of the Dead | 4 | |
| Necropolis | 2 | |
| Slaughterhouse | 2 | |
| Black Citadel | 6 | |
| Spirit Tower | 8 | |
| Sacrificial Pit | 1 | |
| Boneyard | 2 | |
60 total
» build order
00:09 Ziggurat
00:16 Altar of Darkness
00:56 Crypt
01:09 Graveyard
01:21 Nerubian Tower
01:21 Nerubian Tower
01:37 Ziggurat
01:53 Crypt
02:30 Tomb of Relics
02:54 Nerubian Tower
04:05 Halls of the Dead
04:06 Halls of the Dead
04:22 Ziggurat
05:37 Nerubian Tower
05:37 Nerubian Tower
06:00 Ziggurat
07:43 Necropolis
08:54 Nerubian Tower
08:54 Nerubian Tower
08:54 Nerubian Tower
09:11 Ziggurat
09:12 Ziggurat
09:17 Ziggurat
09:44 Slaughterhouse
09:48 Ziggurat
09:50 Black Citadel
09:50 Black Citadel
09:51 Black Citadel
10:10 Nerubian Tower
10:10 Nerubian Tower
10:19 Spirit Tower
10:19 Spirit Tower
10:22 Nerubian Tower
10:22 Nerubian Tower
10:22 Nerubian Tower
11:20 Spirit Tower
11:20 Spirit Tower
12:54 Sacrificial Pit
13:31 Necropolis
14:10 Boneyard
16:21 Boneyard
18:46 Slaughterhouse
» items
| Scroll of Town Portal | 3 | |
| Potion of Healing | 2 | |
| Scroll of Healing | 1 | |
| Dust of Appearance | 1 | |
7 total
Chat log
(00:37 / All) OX-BLOOD: :D
(00:46 / Allies) HeadHigh: sup
(00:57 / All) OX-BLOOD: WAXIN
(01:08 / Allies) HeadHigh: ha like dab waxin?
(01:09 / All) Yellow_Eyes: look at my dab
(01:17 / All) OX-BLOOD: YEE
(01:32 / All) OX-BLOOD: Wax & coffeee, allllday
(01:38 / All) OX-BLOOD: IM IN OUTERSPACE
(01:39 / All) Yellow_Eyes: lol
(01:47 / Allies) HeadHigh: haha pbrs n coffee for me
(01:56 / Allies) RonPaulDeezNuts: cuban coffee
(02:04 / Allies) HeadHigh: that white?
(02:21 / All) OX-BLOOD: russian white
(02:32 / All) OX-BLOOD: but its cuban
(02:37 / All) OX-BLOOD: cuban russian white
(02:41 / All) OX-BLOOD: :D
(02:50 / All) OX-BLOOD: INVADER!
(02:55 / All) VANILLA.MAN: truce red?
(02:57 / All) VANILLA.MAN: temporary?
(03:07 / All) OX-BLOOD: YES MY GOOD SIR
(03:10 / All) appalachianw4r3: fuck
(03:13 / All) appalachianw4r3: no customkeys on this laptop
(03:18 / All) appalachianw4r3: gonna have to set that up after this game
(03:33 / All) VANILLA.MAN: k
(03:35 / All) VANILLA.MAN: truce then
(03:37 / All) VANILLA.MAN: til mid way
(03:55 / All) OX-BLOOD: ITLL BE ON LIKE DONKEY DONG!
(03:56 / All) OX-BLOOD: KONG
(04:23 / All) appalachianw4r3: forgot to enable always show health bas when creeping, fuck
(04:45 / All) OX-BLOOD: I LOOK AT THE NUMBERS
(04:48 / All) OX-BLOOD: THEY NEVER LIE
(04:52 / All) OX-BLOOD: THE BAR CAN BE MISLEADING
(05:22 / Allies) appalachianw4r3: fag
(05:26 / Allies) appalachianw4r3: took one of my salves
(05:32 / All) OX-BLOOD: :D
(07:38 / All) OX-BLOOD: MY GOOD SIR IS GONNA REGRET NOT KILLING ME!
(07:42 / All) OX-BLOOD: :D
(07:43 / All) OX-BLOOD: hrhrhr
(09:52 / Allies) appalachianw4r3: \3
(10:05 / Allies) appalachianw4r3: \
(10:33 / All) VANILLA.MAN: u guys gonna expo? lol
(11:03 / Allies) appalachianw4r3: inc my base LOL
(11:07 / Allies) appalachianw4r3: that tp force backfired
(11:26 / Allies) appalachianw4r3: nvm
(12:13 / All) OX-BLOOD: he didnt repair
(12:16 / All) OX-BLOOD: :D
(12:20 / All) OX-BLOOD: DUMMY
(12:26 / Allies) HeadHigh: its aight
(12:29 / All) OX-BLOOD: PINK DIDNT TP
(12:34 / All) OX-BLOOD: SO YOU BOTH LOSE
(12:35 / All) OX-BLOOD: lol
(12:46 / All) StreetOfDreams: huh?
(12:46 / All) VANILLA.MAN: wt
(12:49 / All) StreetOfDreams: I only had some grunts lol
(13:05 / All) OX-BLOOD: PINK FED ALL HIS UNITS & YELLOW DIDNT REPAIR HALL
(13:10 / All) StreetOfDreams: 4 grunts...
(13:12 / All) OX-BLOOD: YOU BOTH LOSE
(13:15 / All) appalachianw4r3: lol
(13:24 / All) appalachianw4r3: red just got raped by 4 grunts?
(13:25 / All) StreetOfDreams: got his hero
(13:26 / All) appalachianw4r3: wasn't watching
(13:27 / All) StreetOfDreams: and his archers
(13:29 / All) StreetOfDreams: and his hall
(13:36 / All) StreetOfDreams: sappered his hall
(13:39 / All) StreetOfDreams: and finished it with grunts and bm
(16:13 / All) appalachianw4r3: +24 dmg bm with pendant and ring of regen and no noobs to use it on, your team too ez
(16:19 / All) VANILLA.MAN: dead yellow
(16:40 / Allies) HeadHigh: im fucked
(16:57 / All) StreetOfDreams: loser lol
(17:06 / All) appalachianw4r3: lawl
(17:14 / All) appalachianw4r3: got me after it went ww
(17:17 / All) HeadHigh: fuck youu
(17:49 / All) appalachianw4r3: it's hard to get used to playing on another pc
(18:16 / All) StreetOfDreams: LOL
(18:23 / All) StreetOfDreams: they were trying to desperately focus my bm
(18:55 / Allies) appalachianw4r3: help
(19:17 / All) OX-BLOOD: PUSSSY ASS STONERS MAN
(19:19 / All) OX-BLOOD: GG
(19:21 / All) OX-BLOOD: FVCK YOU
(20:29 / All) appalachianw4r3: gg
(20:30 / All) appalachianw4r3: tk LOL
(20:36 / All) appalachianw4r3: I got lucky this game wow
(20:42 / All) appalachianw4r3: what did those undead scrubs do
(21:21 / All) VANILLA.MAN: UR OUT OF GOLD OJ
(21:26 / All) VANILLA.MAN: dont even bohter
(21:29 / All) agentknox666: wow
(21:36 / All) agentknox666: ur fucking retard
(21:39 / All) agentknox666: dont waste ur time
(22:54 / All) appalachianw4r3: worst game possible for this bm
(23:01 / All) VANILLA.MAN: next time oj
(23:06 / All) VANILLA.MAN: when an ally tells u to hit
(23:07 / All) VANILLA.MAN: u hit
(23:10 / All) agentknox666: dude
(23:13 / All) agentknox666: ur fucking gay
(23:16 / All) agentknox666: dont give a shit
(23:19 / All) agentknox666: get a life
(23:25 / All) agentknox666: jerk off on your mom more
(23:27 / All) VANILLA.MAN: this is alearning lesson oj
(23:32 / All) VANILLA.MAN: you'll help from now on
(23:33 / All) agentknox666: im better than you
(23:35 / All) agentknox666: hahah
(23:39 / All) agentknox666: ur pathetic bro
(24:22 / All) agentknox666: anyone can tk
(24:27 / All) agentknox666: it doesnt take much
(24:29 / All) VANILLA.MAN: lol
(24:31 / All) appalachianw4r3: especially when it's you being tked
(24:32 / All) VANILLA.MAN: green said he sgonna fuck us up
(24:33 / All) agentknox666: not everyone can play 4v4
(24:36 / All) appalachianw4r3: we've raped oyu lots of times
(24:40 / All) VANILLA.MAN: "next game" green will fuck us up
(24:42 / All) StreetOfDreams: actually we are very professional and skilled tkers
(24:48 / All) StreetOfDreams: we're not sloppy like the chumps you're used to
(24:49 / All) agentknox666: purp sucks dick
(25:00 / All) VANILLA.MAN: no i dont cunt
(25:04 / All) VANILLA.MAN: i like anime porn tho
(25:25 / All) VANILLA.MAN: i aint letting ur ghouls live oj
(25:27 / All) appalachianw4r3: I had nothing at all to use my bm on
(25:37 / All) appalachianw4r3: and I kept getting hit constantly
(25:46 / All) VANILLA.MAN: certainly not oj or green, they sucked to be worthy opponents
(25:52 / All) appalachianw4r3: I tried to buy time suiciding it at that attack earlier
(26:01 / All) appalachianw4r3: but it died anyway since neither of you got the wyrms
(26:02 / All) agentknox666: purp and pink couldnt hold there own so they had to tk
(26:04 / All) agentknox666: nobody cares
(26:07 / All) StreetOfDreams: lol
(26:09 / All) VANILLA.MAN: lol
(26:12 / All) agentknox666: ur both lames
(26:14 / All) VANILLA.MAN: agent knox sounds mad,
(26:21 / All) agentknox666: u mad?
(26:22 / All) VANILLA.MAN: we have proof oj, we have owned u before
(26:25 / All) agentknox666: cuz i aint mad
(26:32 / All) StreetOfDreams: you seem pretty mad
(26:36 / All) agentknox666: im sitting here, puffing away
(26:41 / All) agentknox666: u seem pretty gay
(26:42 / All) StreetOfDreams: yeah
(26:43 / All) agentknox666: hmmmm?
(26:45 / All) StreetOfDreams: huff and puffing
(26:49 / All) StreetOfDreams: venting your rage
(26:51 / All) VANILLA.MAN: u only hurt our country when u do drugs
(26:58 / All) StreetOfDreams: go practice your bostaff and shut up little kid
(26:59 / All) agentknox666: oh, let me guess
(27:03 / All) VANILLA.MAN: ur prob the reason they rigged the iowa caucas to make trump lose
(27:10 / All) agentknox666: u still on that hydro
(27:19 / All) agentknox666: trump 2016
(27:36 / All) StreetOfDreams: Red seriously thought that
(27:46 / All) VANILLA.MAN: thought what
(27:50 / All) StreetOfDreams: losing level 4 or 5 hero, hall, all archers was worse than losing 3 grunts
(27:54 / All) StreetOfDreams: equal*
(27:55 / All) StreetOfDreams: I mean
(28:08 / All) StreetOfDreams: or 4 grunts
(28:11 / All) VANILLA.MAN: they lost the hall to one bm, me
(28:16 / All) StreetOfDreams: lawl
(28:21 / All) StreetOfDreams: you were irrelevant nigga
(28:45 / All) StreetOfDreams: 2 sappers did most the work then the grunts finished it off
(28:58 / All) StreetOfDreams: the wisp blocked the sappers and had to go around the moonwells
(28:59 / All) VANILLA.MAN: who is right orange, me or pink
(29:00 / All) StreetOfDreams: he still didn't stop it
(29:13 / All) appalachianw4r3: I tped red's archers to kill one fiend lol
(29:20 / All) appalachianw4r3: then they all died and fed green xp
(29:24 / All) appalachianw4r3: since no one killed his wyrms
(30:22 / All) VANILLA.MAN: bet u 100% orange aint afk
(32:06 / All) VANILLA.MAN: agent knox very mad
(33:07 / All) StreetOfDreams: Well agentknox
(33:15 / All) StreetOfDreams: any pearls of wisdom you wish depart?
(33:22 / All) StreetOfDreams: 10
(33:23 / All) StreetOfDreams: 9
(33:24 / All) appalachianw4r3: I went to go buy some English chocolate earlier
(33:25 / All) StreetOfDreams: 7
(33:26 / All) StreetOfDreams: 6
(33:27 / All) appalachianw4r3: and it has arabic on it
(33:27 / All) StreetOfDreams: 5
(33:29 / All) StreetOfDreams: 4
(33:30 / All) StreetOfDreams: 3
(33:31 / All) StreetOfDreams: 2
(33:32 / All) StreetOfDreams: 1
(33:33 / All) appalachianw4r3: fucking cucks though